 Dungeon Crawl Stone Soup version 0.18-a0-1784-ga939a68 (webtiles) character file.

184 saintsgambit the Shield-Bearer (level 5, -9/42 HPs)
             Began as a Formicid Fighter on Apr 18, 2016.
             Killed by divine providence
             ... invoked by an orc priest
              (12 damage)
             ... on level 3 of the Dungeon.
             The game lasted 00:05:17 (1991 turns).

saintsgambit the Shield-Bearer (Formicid Fighter)   Turns: 1991, Time: 00:05:18

Health: -9/42      AC:  7    Str: 21    XL:     5   Next: 95%
Magic:  5/5        EV:  9    Int: 13    God:
Gold:   102        SH:  9    Dex: 10    Spells: 0 memorised, 4 levels left

rFire  . . .     SeeInvis +     a - +0 quarterstaff
rCold  . . .     Gourm    .     b - +0 scale mail
rNeg   . . .     Faith    .     c - +0 shield
rPois  .         Spirit   .     (helmet unavailable)
rElec  .         Dismiss  .     (no cloak)
rCorr  .         Reflect  .     (no gloves)
SustAt .         Harm     .     (no boots)
MR     .....                    (no amulet)
Stlth  ..........               (no ring)
                                m - ring of flight

@: brilliant, not resistant to hostile enchantments, extremely unstealthy
A: permanent stasis, dig shafts and tunnels, four strong arms, antennae 3
a: Dig, Shaft Self, Evoke Flight


You were on level 3 of the Dungeon.
You were hungry.

You visited 1 branch of the dungeon, and saw 3 of its levels.

You collected 102 gold pieces.

Inventory:

Hand Weapons
 a - a +0 quarterstaff (weapon)
Armour
 b - a +0 scale mail (worn)
 c - a +0 shield (worn)
Jewellery
 m - a ring of flight (left hand)
Wands
 u - a wand of enslavement (5/24)
 w - a wand of random effects (25/48)
Scrolls
 e - 5 scrolls of enchant armour {unknown}
 g - 2 scrolls of immolation {unknown}
 i - a scroll of fear {unknown}
 j - a scroll of amnesia {unknown}
 l - 3 scrolls of identify {unknown}
 n - 2 scrolls of random uselessness {unknown}
 o - a scroll of remove curse {unknown}
 r - a scroll of noise {unknown}
Potions
 d - a potion of might
 h - a potion of curing {unknown}
 k - a potion of haste {unknown}
 p - a potion of heal wounds {unknown}
 q - a potion of flight {unknown}
 t - a potion of brilliance
 v - a potion of ambrosia {unknown}
 x - a potion of lignification {unknown}
Comestibles
 f - a bread ration
 s - a meat ration


   Skills:
 + Level 4.1 Fighting
 + Level 3.0 Staves
 + Level 4.1 Armour
 + Level 2.1 Dodging
 + Level 4.6 Shields


You had 4 spell levels left.
You didn't know any spells.

Dungeon Overview and Level Annotations

Branches:
Dungeon (3/15)

Altars:
Nemelex Xobeh
Xom
Zin


Innate Abilities, Weirdness & Mutations

You are under a permanent stasis effect.
You can dig through walls and to a lower floor.
Your four strong arms can wield two-handed weapons with a shield.
You have a pair of large antennae on your head (SInv).


Message History

The orc hits you but does no damage.
Drink which item? (? for menu, Esc to quit)
It was a potion of brilliance.
You feel clever all of a sudden. The orc wizard barely misses you.
The orc barely misses you.
The orc priest calls upon Beogh to heal the orc.
The orc's wounds heal themselves!
You block the orc's attack.
Your scale mail prevents you from hitting the orc.
The orc wizard hits you but does no damage.
You block the orc's attack. You block the orc wizard's attack.
The orc barely misses you.
You hit the orc.
The orc is heavily wounded.
The orc wizard casts a spell at you. The magic dart hits you!
* * * LOW HITPOINT WARNING * * *
You block the orc's attack.
The orc priest invokes the aid of Beogh against you.
Beogh smites you!
You die...

.......#.#...# .#
....##...#...# ###.#
.######..#...####....#
.........#...#.......
.............#.......
........>........#
#####+#
........#...#....#
$......
........#...#....#
.......
#########...#..o@#
.......
#...#..oo##.......
#...#...oo.o......
#...#......(......
#...###...........
#...........
#...........
#####....... #######


You could see an orc priest, an orc wizard and 3 orcs.

Vanquished Creatures
  Natasha (thrice) (D:2)
  2 gnolls (D:1)
  3 adders (D:2)
  A dart slug (D:1)
  A ball python (D:2)
  4 bats
  A giant cockroach (D:1)
  10 hobgoblins
  8 jackals (D:1)
  A quokka (D:3)
  6 giant newts
  6 goblins (D:1)
  11 kobolds
  7 rats
64 creatures vanquished.

Notes
Turn   | Place    | Note
--------------------------------------------------------------
     0 | D:1      | saintsgambit the Formicid Fighter began the quest for the Orb.
     0 | D:1      | Reached XP level 1. HP: 18/18 MP: 1/1
     2 | D:1      | Noticed a troll
     2 | D:1      | Noticed a merfolk
     4 | D:1      | Noticed a dwarf
     4 | D:1      | Noticed a draconian
     6 | D:1      | Noticed a spriggan
     6 | D:1      | Noticed a centaur
     8 | D:1      | Noticed a felid
     8 | D:1      | Noticed a vampire
    12 | D:1      | Noticed a demigod
    12 | D:1      | Noticed an ogre
    14 | D:1      | Noticed a gargoyle
    14 | D:1      | Noticed a halfling
    16 | D:1      | Noticed a naga
    16 | D:1      | Noticed a formicid
    18 | D:1      | Noticed a tengu
    18 | D:1      | Noticed an elf
    20 | D:1      | Noticed a ghoul
    20 | D:1      | Noticed a vine stalker
    22 | D:1      | Noticed an octopode
    22 | D:1      | Noticed a minotaur
    24 | D:1      | Noticed a demonspawn
    26 | D:1      | Noticed a human
   266 | D:1      | Reached XP level 2. HP: 24/24 MP: 2/2
   339 | D:1      | Reached XP level 3. HP: 22/29 MP: 3/3
   543 | D:1      | Reached XP level 4. HP: 33/37 MP: 4/4
   738 | D:1      | Reached skill level 1 in Dodging
  1332 | D:2      | Noticed Natasha
  1336 | D:2      | Killed Natasha
  1336 | D:2      | Reached XP level 5. HP: 42/42 MP: 5/5
  1443 | D:2      | Found a glowing silver altar of Zin.
  1571 | D:2      | Noticed Natasha
  1579 | D:2      | Killed Natasha
  1618 | D:2      | Noticed Natasha
  1623 | D:2      | Killed Natasha
  1899 | D:3      | Found a sparkling altar of Nemelex Xobeh.
  1916 | D:3      | Found a shimmering altar of Xom.
  1991 | D:3      | Killed from afar by an orc priest

Vault maps used:
D:1:      kb_arrival_jail, minmay_bisected
D:2:      zin_scriptorium, columned_hall_lemuel, uniq_natasha
D:3:      nicolae_ru_awakened_eye, xom_butterflies,
          gammafunk_temple_overflow_elements, lemuel_round_altar, first_bread,
          makhleb_altar_promises_db

Skill      XL: |  1  2  3  4  5 |
---------------+----------------+-----
Shields        | 4 |  4.6
Dodging        | 1 2 |  2.1
Fighting       | 4 |  4.1
Armour         | 4 |  4.1
Staves         | 3 |  3.0

Action                   |  1- 3 |  4- 6 || total
-------------------------+-------+-------++-------
Melee: Quarterstaff      |    99 |   122 ||   221
  Use: Potion            |       |     1 ||     1
  Eat: Chunk             |       |     3 ||     3
Armor: Scale mail        |    32 |    61 ||    93
Dodge: Dodged            |    33 |    54 ||    87
Block: Shield            |    42 |    66 ||   108
